AoeStats
← IsraDguez

Arabia

508129929Analyzed
1v1 RM · 12d ago on Sep 21, 2026· 39m 44s· 2 players
Game mode
Random Map
Map size
Tiny (2 player)
Population
200
Speed
Normal
Resources
Standard
Victory
Conquest
Starting age
Dark Age
Ending age
Imperial Age
RankedLock teamsTeams togetherTeam positionsShared explorationLock speedFull tech treeHidden civsTurbo modeCheats
Victory
Defeat
🇮🇳 Khmer · India
815
+17
🇲🇽 Vikings · Mexico
832
-17
spartanking
10:28 Feudal Age
18:16 Castle Age
16:29 Double-Bit Axe
16:31 Horse Collar
18:30 Stone Mining
18:31 Gold Mining
23:07 Bow Saw
28:00 Gold Shaft Mining
28:01 Stone Shaft Mining
32:24 Elite Skirmisher
33:56 Fletching
34:07 Padded Archer Armor
36:42 Imperial Age
36:43 Forging
36:33 Scale Mail Armor
36:39 Scale Barding Armor
36:49 Leather Archer Armor
36:30 Bodkin Arrow
39:27 Conscription
40:05 Wheelbarrow
39:50 Double Crossbow
IsraDguez
5:01 Loom
10:26 Feudal Age
16:13 Fletching
19:28 Castle Age
18:10 Scale Mail Armor
21:26 Bodkin Arrow
20:55 Crossbowman
22:24 Pikeman
24:23 Squires
29:10 Ballistics
30:46 Arson
31:20 Chain Mail Armor
31:51 Gambesons
36:39 Imperial Age
36:25 Horse Collar
36:47 Capped Ram
37:37 Bracer
38:08 Plate Mail Armor
38:35 Arbalester
40:10 Forging
Connection lost

Rejoining the realm…

Still unreachable

The connection could not be restored.

Session expired

The server has moved on; the page needs a fresh start.